AoeStats
← FernetRush

Black Forest

510198795Analyzed
2v2 RM · 2d ago on Sep 29, 2026· 64m 38s· 4 players
Game mode
Random Map
Map size
Medium (4 player)
Population
200
Speed
Normal
Resources
Standard
Victory
Conquest
Starting age
Dark Age
Ending age
Imperial Age
RankedLock teamsTeams togetherTeam positionsShared explorationLock speedFull tech treeHidden civsTurbo modeCheats
Victory
Defeat
🇧🇬 Celts · Bulgaria
907
+17
🇦🇷 Mongols · Argentina
820
+20
🇨🇦 Mongols · Canada
920
-19
🇨🇦 Celts · Canada
917
-18
nordland11
0:30 Loom
15:07 Feudal Age
16:32 Wheelbarrow
16:45 Horse Collar
21:10 Castle Age
20:23 Double-Bit Axe
23:55 Bow Saw
24:39 Arson
25:05 Gold Mining
25:06 Stone Mining
27:13 Gold Shaft Mining
27:14 Stone Shaft Mining
26:53 Scale Mail Armor
27:04 Forging
28:09 Heavy Plow
32:46 Imperial Age
31:06 Fortified Wall
35:12 Conscription
35:51 Chain Mail Armor
36:11 Iron Casting
35:53 Elite Woad Raider
39:52 Chemistry
39:13 Ballistics
39:25 Plate Mail Armor
39:58 Blast Furnace
39:21 Caravan
40:33 Hand Cart
40:45 Padded Archer Armor
40:35 Fletching
41:01 Onager
41:53 Siege Engineers
42:48 Leather Archer Armor
42:28 Bodkin Arrow
43:19 Furor Celtica
43:34 Murder Holes
43:55 Town Watch
44:26 Masonry
44:16 Stronghold
45:40 Ring Archer Armor
44:45 Siege Onager
58:36 Hoardings
FernetRush
11:59 Feudal Age
16:39 Castle Age
14:28 Loom
15:05 Double-Bit Axe
15:09 Horse Collar
20:31 Bow Saw
26:08 Wheelbarrow
25:39 Heavy Plow
28:31 Hand Cart
31:01 Imperial Age
30:22 Forging
30:13 Padded Archer Armor
30:05 Fletching
30:20 Scale Barding Armor
30:45 Town Watch
31:32 Bloodlines
30:47 Light Cavalry
32:05 Conscription
33:07 Gold Mining
33:08 Stone Mining
33:32 Hussar
33:58 Elite Mangudai
34:37 Bodkin Arrow
35:03 Chain Barding Armor
37:22 Chemistry
36:43 Ballistics
38:13 Bracer
38:21 Town Patrol
38:26 Murder Holes
38:43 Masonry
40:25 Leather Archer Armor
40:16 Husbandry
53:57 Drill
Booty Waxer
0:57 Loom
13:13 Feudal Age
19:48 Castle Age
17:42 Double-Bit Axe
18:11 Horse Collar
21:31 Bow Saw
22:02 Wheelbarrow
23:53 Hand Cart
24:27 Gold Mining
28:00 Town Watch
34:38 Imperial Age
32:47 Forging
32:37 Scale Mail Armor
34:08 Iron Casting
33:30 Man-at-Arms
33:56 Gambesons
33:34 Pikeman
34:00 Arson
34:33 Chain Mail Armor
34:52 Caravan
35:59 Furor Celtica
35:12 Capped Ram
35:19 Onager
36:24 Ballistics
36:21 Siege Engineers
36:53 Fortified Wall
36:35 Heavy Scorpion
37:16 Siege Ram
37:36 Halberdier
39:19 Blast Furnace
41:22 Conscription
40:59 Siege Onager
45:31 Plate Mail Armor
48:27 Chemistry
51:20 Fletching
Booty Sniffer
1:18 Loom
11:26 Feudal Age
15:54 Castle Age
13:49 Double-Bit Axe
13:52 Horse Collar
14:37 Gold Mining
15:02 Stone Mining
17:02 Wheelbarrow
24:49 Heavy Plow
25:09 Bow Saw
26:58 Hand Cart
31:23 Imperial Age
29:08 Caravan
31:23 Ballistics
31:50 Gold Shaft Mining
32:16 Onager
33:20 Elite Mangudai
34:26 Drill
34:18 Siege Onager
35:04 Fletching
35:20 Scale Barding Armor
35:50 Conscription
36:19 Siege Engineers
38:38 Thumb Ring
40:02 Chemistry
44:20 Bodkin Arrow
44:45 Chain Barding Armor
46:07 Bracer
Connection lost

Rejoining the realm…

Still unreachable

The connection could not be restored.

Session expired

The server has moved on; the page needs a fresh start.